 Dungeon Crawl Stone Soup version 0.26.1-11-gd32895ea62 (webtiles) character file.

Game seed: 17835518919369142565

240 Zeld the Ruffian (level 6, -2/53 HPs)
             Began as a Ghoul Monk on Sept 8, 2021.
             Slain by an orc
             ... wielding a +0 dagger
              (3 damage)
             ... on level 5 of the Dungeon.
             The game lasted 00:05:10 (5282 turns).

Zeld the Ruffian (Ghoul Monk)                       Turns: 5282, Time: 00:05:11

Health: -2/53      AC:  2    Str: 17    XL:     6   Next: 8%
Magic:  5/5        EV: 13    Int:  5    God:
Gold:   180        SH:  0    Dex: 11    Spells: 5/5 levels left

rFire    . . .     SeeInvis .     - Unarmed
rCold    + . .     Faith    .   (no shield)
rNeg     + + +     Spirit   .   a - +0 robe
rPois    ∞         Reflect  .   (no helmet)
rElec    .         Harm     .   (no cloak)
rCorr    .         Rampage  .   (no gloves)
Will     .....                  (no boots)
Stlth    ++........             (no amulet)
HPRegen  0.00/turn              (no ring)
MPRegen  0.09/turn              (no ring)

@: no status effects
A: claws 1, cold resistance 1, negative energy resistance 3, inhibited
regeneration, torment resistance, unbreathing
a: no special abilities


You were on level 5 of the Dungeon.
You visited 1 branch of the dungeon, and saw 4 of its levels.

You collected 180 gold pieces.

Inventory:

Armour
 a - a +0 robe (worn)
Jewellery
 d - an uncursed amulet of the acrobat {unknown}
 k - a cursed amulet of guardian spirit {unknown}
Scrolls
 b - 10 scrolls of identify {unknown}
 f - 2 scrolls of fear {unknown}
 i - 2 scrolls of enchant armour {unknown}
 j - a scroll of fog {unknown}
 m - a scroll of random uselessness {unknown}
 n - 2 scrolls of remove curse {unknown}
Potions
 c - 2 potions of flight {unknown}
 e - a potion of curing {unknown}
 g - 2 potions of attraction {unknown}
 h - 2 potions of magic {unknown}
 l - 2 potions of mutation {unknown}
 o - a potion of heal wounds {unknown}


   Skills:
 * Level 4.7 Fighting
 + Level 1.7 Armour
 + Level 3.2 Dodging
 + Level 3.4 Stealth
 * Level 4.7 Unarmed Combat


You had 5 spell levels left.
You didn't know any spells.
Your spell library was empty.

Dungeon Overview and Level Annotations

Branches:
Dungeon (3/15)

Altars:
Elyvilon


Innate Abilities, Weirdness & Mutations

You thrive by killing the living.
You are immune to poison.
You have sharp fingernails.
Your flesh is cold resistant. (rC+)
You are immune to negative energy. (rN+++)
You do not regenerate when monsters are visible.
You are immune to unholy pain and torment.
You can survive without breathing.


Message History

* * * LOW HITPOINT WARNING * * *
An orc wizard comes into view. It is wielding a +0 dagger.
The howler monkey hoots and howls with incredible vigour!
The orc priest casts a cantrip, but nothing happens.
The orc hits you with a +0 club.
* * * LOW HITPOINT WARNING * * *
The water moccasin barely misses you.
An orc comes into view. It is wielding a +0 dagger.
The sentinel's mark upon you fades away.
The orc wizard points at you and mumbles some strange words.
The magic dart hits you.
* * * LOW HITPOINT WARNING * * *
The water moccasin closely misses you.
Unknown command.
The orc throws a boomerang.
The boomerang hits you but does no damage.
The weapon returns to the orc!
The orc hits you but does no damage. The orc hits you with a +0 dagger.
You die...

## .# .. .## ..#
#.# ########.#
###............o@#
..#.#.#.#.#.#.#oS#
..#..............#
###...⌠.....⌠.oho#
##......._..o....#
.#....⌠.....o...##
o#..........o...#
.'..#o#.#.#o#.#.#
.#............?.#


You could see a water moccasin, a howler monkey, an orc priest, an orc wizard
and 6 orcs.

Vanquished Creatures
  A scorpion (D:5)
  3 gnolls
  6 adders
  A shadow imp (D:5)
  An ooze (D:1)
  3 worms
  6 dart slugs
  3 leopard geckos
  An orc (D:2)
  2 giant cockroaches (D:1)
  11 goblins
  8 hobgoblins
  6 jackals
  A quokka (D:2)
  A ball python (D:1)
  7 bats
  2 frilled lizards
  7 kobolds
  9 rats
79 creatures vanquished.

Notes
Turn   | Place    | Note
-------+----------+-------------------------------------------
     0 | D:1      | Zeld the Ghoul Monk began the quest for the Orb.
     0 | D:1      | Reached XP level 1. HP: 19/19 MP: 0/0
   255 | D:1      | Reached XP level 2. HP: 26/26 MP: 1/1
   821 | D:1      | Reached XP level 3. HP: 28/33 MP: 2/2
  1866 | D:2      | Reached skill level 1 in Armour
  1866 | D:2      | Reached XP level 4. HP: 25/40 MP: 3/3
  2690 | D:3      | Reached XP level 5. HP: 46/46 MP: 4/4
  4416 | D:2      | HP: 2/47 [gnoll/+0 spear (5)]
  5163 | D:3      | You fall into a shaft and drop 2 floors!
  5163 | D:5      | Entered Level 5 of the Dungeon
  5220 | D:5      | Reached XP level 6. HP: 51/53 MP: 5/5
  5235 | D:5      | Found a white marble altar of Elyvilon.
  5261 | D:5      | Noticed a water moccasin
  5279 | D:5      | HP: 1/53 [orc wizard/magic dart (6)]
  5282 | D:5      | Slain by an orc

Illustrated notes

Levels and vault maps discovered:
D:1:      dpeg_arrival_court, layout_basic
D:2:      layout_basic
D:3:      layout_loops_ring
D:5:      black_bear_nest_1, layout_gridville, elyvilon_altar_5,
          lemuel_doored_altar, solitary_fountain

Skill      XL: |  1  2  3  4 |
---------------+-------------+-----
Armour         | 1 |  1.7
Stealth        | 3 |  3.4
Fighting       | 4 |  4.7
Unarmed Combat | 4 |  4.7
Dodging        | 3 |  3.2

Action                   |  1- 3 |  4- 6 || total
-------------------------+-------+-------++-------
Melee: Unarmed           |   112 |   130 ||   242
       Punch             |     5 |     4 ||     9
 Stab: Sleeping          |     4 |     8 ||    12
Armor: Robe              |    23 |    11 ||    34
Dodge: Dodged            |    79 |    86 ||   165
